 Dungeon Crawl Stone Soup version 0.27-a0-1193-g8631133539 (webtiles) character file.

Game seed: 2355877761897711992

33469 karkarkar the Tortoise (level 13, -16/124 HPs)
             Began as a Minotaur Berserker on May 26, 2021.
             Was the Champion of Trog.
             Demolished by a death yak (18 damage)
             ... on level 5 of the Lair of Beasts.
             The game lasted 00:58:27 (19385 turns).

karkarkar the Tortoise (Minotaur Berserker)        Turns: 19385, Time: 00:58:27

Health: -16/124    AC: 25    Str: 26    XL:     13   Next: 37%
Magic:  10/10      EV: 12    Int:  2    God:    Trog [******]
Gold:   1023       SH:  0    Dex: 17    Spells: 12/12 levels left

rFire    . . .     SeeInvis .   N - +12 spear of Keuraele {vorpal, rN+}
rCold    . . .     Faith    .   (no shield)
rNeg     + . .     Spirit   .   K - +1 plate armour
rPois    .         Reflect  .   (helmet restricted)
rElec    .         Harm     .   (no cloak)
rCorr    .         Rampage  .   n - +2 pair of gloves
Will     .....                  (no boots)
Stlth    ..........             (no amulet)
HPRegen  0.30/turn              v - +4 ring of protection
MPRegen  0.12/turn              j - +6 ring of dexterity

@: brilliant
A: horns 2, retaliatory headbutt, dopey 1, low mp 1
a: Renounce Religion, Berserk, Trog's Hand, Brothers in Arms


You were on level 5 of the Lair of Beasts.
You worshipped Trog.
Trog was exalted by your worship.
You visited 2 branches of the dungeon, and saw 15 of its levels.
You also visited: Sewer.

You collected 1183 gold pieces.
You spent 160 gold pieces at shops.

Inventory:

Hand Weapons
 u - the +5 whip "Biuxarphi" {drain, Contam Will+ Str+3 Int+2}
   (You found it on level 4 of the Dungeon)

   A truly terrible weapon, it drains the life of those it strikes.
   It affects your strength (+3).
   It affects your intelligence (+2).
   It causes magical contamination when unequipped.
   It increases your willpower.
 I - a +4 vorpal glaive
 N - the +12 spear of Keuraele (weapon) {vorpal, rN+}
   (You took it off a spriggan on level 10 of the Dungeon)

   It inflicts extra damage upon your enemies.
   It protects you from negative energy.
Missiles
 d - 6 curare-tipped darts (quivered)
 y - a throwing net
 C - 5 atropa-tipped darts
Armour
 n - a +2 pair of gloves (worn)
 K - a +1 plate armour (worn)
Jewellery
 j - a +6 ring of dexterity (right hand)
 k - a ring of protection from fire
 m - a ring of willpower
 v - a +4 ring of protection (left hand)
 A - a ring of flight
Wands
 q - a wand of digging (8)
 s - a wand of paralysis (13)
 P - a wand of acid (3)
 R - a wand of iceblast (8)
Scrolls
 b - 3 scrolls of blinking
 c - 2 scrolls of magic mapping
 e - 4 scrolls of enchant weapon
 g - 7 scrolls of teleportation
 h - 2 scrolls of noise
 x - a scroll of fear
 E - a scroll of enchant armour
 F - 2 scrolls of holy word
 Q - a scroll of silence
 S - a scroll of vulnerability
Potions
 f - 2 potions of magic
 i - a potion of attraction
 l - 2 potions of mutation
 o - a potion of heal wounds
 p - 3 potions of haste
 r - a potion of resistance
 w - 4 potions of flight
 z - 4 potions of lignification
 D - 2 potions of curing
 G - a potion of ambrosia
 H - 3 potions of berserk rage
 J - a potion of invisibility
 L - a potion of cancellation
Miscellaneous
 O - a tin of tremorstones (2/2)


   Skills:
 + Level 14.2 Fighting
 + Level 9.0(11.2) Axes
 - Level 10.7(12.0) Maces & Flails
 + Level 2.3(6.1) Polearms
 + Level 0.7 Throwing
 + Level 15.8 Armour
 + Level 8.2 Dodging
 + Level 3.3 Stealth
 + Level 0.7 Evocations


You had 12 spell levels left.
You didn't know any spells.
Your spell library was empty.

Dungeon Overview and Level Annotations

Branches:
Dungeon (10/15)            Temple (0/1) D:6            Lair (5/6) D:10
 Shoals (0/4) Lair:3       Spider (0/4) Lair:3        Sewer (visited)
  Slime: Lair:5-6       Orc: D:9-12

Altars:
Cheibriados
Elyvilon
Gozag
Kikubaaqudgha
Nemelex Xobeh
Okawaru
Qazlal
Uskayaw
Vehumet
Wu Jian
Xom
Yredelemnul
Zin

Shops:
D:4 (*[   D:10 (

Annotations:
D:9 2 transporters, Belboz's ghost, journeyman MiMo


Innate Abilities, Weirdness & Mutations

You have a pair of horns on your head.
You reflexively headbutt those who attack you in melee.
You are dopey. (Int -2)
Your magical capacity is low. (-10% MP)


Message History

You headbutt the black mamba. The death yak closely misses you.
The black mamba barely misses you. The death yak gores you!
You hit the death yak.
You headbutt the death yak, but do no damage.
The death yak is heavily wounded.
The black mamba misses you. You furiously retaliate!
You headbutt the black mamba. The death yak misses you.
You hit the death yak.
You headbutt the death yak, but do no damage.
The death yak is heavily wounded.
The black mamba bites you but does no damage.
The death yak gores you!
* * * LOW HITPOINT WARNING * * *
The black mamba misses you.
You feel much better. The black mamba closely misses you.
You furiously retaliate!
You headbutt the black mamba!
You kill the black mamba!
Trog accepts your kill. The death yak gores you!!
* * * LOW HITPOINT WARNING * * *
The death yak gores you.
* * * LOW HITPOINT WARNING * * *
You feel much better. The death yak gores you. The death yak gores you!!
* * * LOW HITPOINT WARNING * * *
You puncture the death yak!
The death yak is severely wounded.
The death yak gores you.
* * * LOW HITPOINT WARNING * * *
The death yak gores you!
* * * LOW HITPOINT WARNING * * *
The death yak barely misses you. You furiously retaliate!
You headbutt the death yak! The death yak gores you.
* * * LOW HITPOINT WARNING * * *
You climb downwards.
A wolf comes into view.
The wolf howls!
The wolf bites you.
* * * LOW HITPOINT WARNING * * *
The death yak gores you!!
You die...

# ### #
#.###.## ##
...#..#.P##..#.
......Y........
......Y@Y......
.......Yh......
..........Y....
........##.#...
........# #....
..h.....# ....
........# ...
......... ..


You could see 5 death yaks and 2 wolves.

Vanquished Creatures
  5 hydras
  The ghost of flotson the Covert, a journeyman GnDe of Okawaru (D:10)
  A boulder beetle (Lair:3)
  2 two-headed ogres (D:10)
  A death yak (Lair:4)
  Pikel (D:6)
  A deep elf pyromancer (D:9)
  2 black mambas
  5 elephants (Lair:4)
  6 cane toads
  4 centaur zombies
  A gargoyle (D:9)
  2 rime drakes
  4 kobold demonologists
  4 komodo dragons
  2 ice devils (Lair:1)
  2 jumping spiders (Lair:3)
  Grinder (D:6)
  3 trolls
  2 polar bears (Lair:4)
  Prince Ribbit (D:6)
  8 blink frogs
  A shadow (D:10)
  A redback (Lair:3)
  2 spriggans (D:10)
  A wyvern (Lair:3)
  34 yaks
  A wraith (D:9)
  3 basilisks
  4 steam dragons
  13 water moccasins
  2 sky beasts (D:6)
  6 black bears
  4 orc warriors
  4 ogres
  2 necrophages
  9 wolves
  7 centaurs
  3 lemures (D:6)
  3 phantoms (D:5)
  8 kobold brigands
  16 bullfrogs
  3 scorpions
  A gnoll sergeant (D:6)
  2 wyvern zombies (D:6)
  A water moccasin zombie (D:6)
  A wyvern skeleton (D:7)
  2 killer bees (D:9)
  9 wights
  4 howler monkeys
  A lava snake (D:10)
  A centaur skeleton (D:4)
  2 hounds
  A jelly (D:4)
  2 orc priests
  A bullfrog zombie (D:5)
  2 gnoll shamans
  Jessica (D:2)
  An iguana (D:4)
  Ijyb (D:4)
  5 orc wizards
  A killer bee zombie (D:6)
  A howler monkey zombie (D:8)
  Robin (D:2)
  14 gnolls
  11 adders
  3 river rats (Sewer)
  A shadow imp (D:7)
  A white imp (D:7)
  2 ufetubi
  An adder skeleton (D:4)
  7 worms
  3 dart slugs
  22 orcs
  6 ball pythons
  15 endoplasms
  2 giant cockroaches
  20 goblins
  7 hobgoblins
  26 kobolds
  6 quokkas
  8 bats
  3 frilled lizards
  9 rats
394 creatures vanquished.

Vanquished Creatures (others)
  18 fungi
  35 plants
53 creatures vanquished.

Grand Total: 447 creatures vanquished

Notes
Turn   | Place    | Note
-------+----------+-------------------------------------------
     0 | D:1      | karkarkar the Minotaur Berserker began the quest for the
                  | Orb.
     0 | D:1      | Reached XP level 1. HP: 19/19 MP: 0/0
   274 | D:1      | Reached XP level 2. HP: 15/27 MP: 1/1
  1348 | D:2      | Noticed Robin
  1351 | D:2      | Reached ** piety under Trog
  1352 | D:2      | Killed Robin
  1353 | D:2      | Reached XP level 3. HP: 33/33 MP: 2/2
  1571 | D:2      | Reached XP level 4. HP: 24/41 MP: 3/3
  1824 | D:2      | Noticed Jessica
  1827 | D:2      | Reached skill level 5 in Axes
  1836 | D:2      | Killed Jessica
  1973 | D:2      | Found a faded altar of an unknown god.
  2369 | D:3      | Reached XP level 5. HP: 43/47 MP: 4/4
  2579 | D:3      | Reached *** piety under Trog
  3190 | D:4      | Found a snail-covered altar of Cheibriados.
  3198 | D:4      | Found Zoathrao's Armour Shoppe.
  3208 | D:4      | Reached skill level 3 in Armour
  3214 | D:4      | Found a glowing drain.
  3225 | D:4      | Reached skill level 5 in Fighting
  3236 | Sewer    | Entered a sewer
  3636 | Sewer    | Reached XP level 6. HP: 32/56 MP: 5/5
  4017 | Sewer    | Reached skill level 4 in Armour
  4074 | Sewer    | Reached skill level 1 in Stealth
  4369 | Sewer    | Reached skill level 5 in Armour
  4369 | Sewer    | Reached XP level 7. HP: 61/61 MP: 6/6
  4636 | D:4      | Found an ancient bone altar of Kikubaaqudgha.
  4638 | D:4      | Found a white marble altar of Elyvilon.
  4640 | D:4      | Found a radiant altar of Vehumet.
  4648 | D:4      | Found a glowing silver altar of Zin.
  4649 | D:4      | Found an opulent altar of Gozag.
  4892 | D:4      | Found Neetih's Assorted Antiques.
  4968 | D:4      | Found Buoth's Weapon Boutique.
  5159 | D:4      | Identified the +5 whip "Biuxarphi" {drain, Contam Will+
                  | Str+3 Int+2}
  5165 | D:4      | Gained mutation: You are clumsy. (Dex -2) [mutagenic glow]
  5203 | D:4      | Gained mutation: Your magical capacity is low. (-10% MP)
                  | [mutagenic glow]
  5604 | D:4      | Reached skill level 1 in Maces & Flails
  5665 | D:4      | Reached **** piety under Trog
  5835 | D:4      | Noticed Ijyb
  5841 | D:4      | Killed Ijyb
  5966 | D:4      | Bought a pearl ring for 160 gold pieces
  6008 | D:5      | Entered Level 5 of the Dungeon
  6011 | D:5      | Reached XP level 8. HP: 70/70 MP: 6/6
  6047 | D:5      | Reached skill level 6 in Armour
  6208 | D:5      | Found an ornate altar of the Wu Jian Council.
  6476 | D:5      | Found a sparkling altar of Nemelex Xobeh.
  6917 | D:5      | Lost mutation: You are clumsy. (Dex -2) [potion of
                  | mutation]
  6917 | D:5      | Lost mutation: Your magical capacity is low. (-10% MP)
                  | [potion of mutation]
  6917 | D:5      | Gained mutation: You are dopey. (Int -2) [potion of
                  | mutation]
  7029 | D:6      | Reached skill level 7 in Armour
  7202 | D:6      | Reached XP level 9. HP: 51/78 MP: 8/8
  7461 | D:6      | Reached skill level 5 in Maces & Flails
  8090 | D:6      | Noticed Pikel
  8090 | D:6      | Noticed Prince Ribbit
  8104 | D:6      | Killed Prince Ribbit
  8105 | D:6      | Reached skill level 5 in Dodging
  8112 | D:6      | Killed Pikel
  8112 | D:6      | Reached ***** piety under Trog
  8113 | D:6      | Reached skill level 8 in Armour
  8154 | D:6      | Found a staircase to the Ecumenical Temple.
  8197 | D:6      | Noticed Grinder
  8198 | D:6      | Noticed a troll
  8210 | D:6      | Killed a troll
  8228 | D:6      | Killed Grinder
  8282 | D:6      | Found a basalt altar of Yredelemnul.
  8741 | D:7      | Reached XP level 10. HP: 87/88 MP: 9/9
 10213 | D:8      | Reached skill level 10 in Maces & Flails
 10216 | D:8      | Reached skill level 9 in Armour
 10646 | D:8      | Found Ocrigul's Armour Boutique.
 10709 | D:8      | Found an iron altar of Okawaru.
 10856 | D:8      | Received a gift from Trog
 11014 | D:9      | Found a stormy altar of Qazlal.
 11043 | D:9      | Found a transporter.
 11044 | D:9      | Found a transporter.
 11044 | D:9      | Noticed a two-headed ogre
 11044 | D:9      | Identified the +3 great mace "Orb Guardian's Bane" {spect,
                  | rCorr Str+2}
 11044 | D:9      | Identified the +9 dire flail of Distraction {freeze,
                  | Stlth+}
 11044 | D:9      | Noticed a two-headed ogre
 11044 | D:9      | Noticed Belboz's ghost (journeyman MiMo)
 11046 | D:9      | Identified the +5 rapier "Jeofecin" {elec, rF++ Str-3
                  | Dex+5}
 11837 | D:9      | Noticed a deep elf pyromancer
 11873 | D:9      | Killed a deep elf pyromancer
 11874 | D:9      | Reached XP level 11. HP: 69/97 MP: 10/10
 12070 | D:9      | Lost intelligence.
 12075 | D:9      | Reached skill level 10 in Armour
 12549 | D:10     | Entered Level 10 of the Dungeon
 12823 | D:10     | Reached skill level 10 in Fighting
 12843 | D:9      | Noticed a sixfirhy
 12890 | D:10     | Noticed a two-headed ogre
 12895 | D:10     | Killed a two-headed ogre
 13047 | D:10     | Noticed a two-headed ogre
 13054 | D:10     | Killed a two-headed ogre
 13055 | D:10     | Reached skill level 11 in Armour
 13420 | D:10     | Found a staircase to the Lair.
 13441 | D:10     | Found a shimmering altar of Xom.
 13772 | D:10     | Identified the +1 leather armour "Hitic" {rPois rC- Will++}
 13848 | D:10     | Found a runed translucent door.
 13848 | D:10     | Identified the +12 spear of Keuraele {vorpal, rN+}
 13849 | D:10     | Noticed flotson's ghost (journeyman GnDe)
 13923 | D:10     | Reached skill level 12 in Armour
 13987 | D:10     | Found Fuexkuq's Weapon Shop.
 14038 | D:10     | Found a hide-covered altar of Uskayaw.
 14190 | D:10     | Killed flotson's ghost
 14565 | Lair:1   | Entered Level 1 of the Lair of Beasts
 14606 | Lair:1   | Reached XP level 12. HP: 110/110 MP: 11/11
 14642 | Lair:1   | Found a frozen archway.
 14700 | Lair:1   | Reached skill level 13 in Armour
 14750 | Lair:1   | Noticed a seven-headed hydra
 14762 | Lair:1   | Killed a seven-headed hydra
 15012 | Lair:1   | Noticed a six-headed hydra
 15018 | Lair:1   | Killed a six-headed hydra
 15892 | Lair:2   | Noticed a seven-headed hydra
 15910 | Lair:2   | Killed a seven-headed hydra
 15911 | Lair:2   | Reached skill level 14 in Armour
 16283 | Lair:3   | Found a staircase to the Shoals.
 16283 | Lair:3   | Noticed a seven-headed hydra
 16385 | Lair:3   | Found a hole to the Spider Nest.
 16861 | Lair:3   | Killed a seven-headed hydra
 17059 | Lair:3   | Noticed a boulder beetle
 17150 | Lair:3   | Killed a boulder beetle
 17151 | Lair:3   | Reached skill level 15 in Armour
 17850 | Lair:4   | Reached XP level 13. HP: 122/122 MP: 12/12
 18003 | Lair:4   | Received a gift from Trog
 18045 | Lair:4   | Reached ****** piety under Trog
 18100 | Lair:4   | Gained mutation: Your magical capacity is low. (-10% MP)
                  | [mutagenic glow]
 18653 | Lair:4   | Reached skill level 1 in Polearms
 19384 | Lair:4   | HP: 3/124 [death yak (5)]
 19385 | Lair:5   | Demolished by a death yak

Illustrated notes

Levels and vault maps discovered:
D:1:      dpeg_arrival_solitude, layout_rooms, serial_curves, eino_curves_04,
          eino_curves_01, chequers_big_river
D:2:      layout_basic, hellmonk_ecumenical_altar_leap_of_faith,
          hangedman_feature_mirror, uniq_robin, uniq_jessica
D:3:      layout_basic, hangedman_feature_mirror, minmay_misc_feat_nine_boxes,
          corner_web_ring
D:4:      minmay_polygon_palace, layout_layer_cave, grunt_temple_overflow_open,
          cheibrodos_sewer_entry_bend, serial_shops, shop_statue,
          kennysheep_mini_moat, shop, uniq_ijyb
D:5:      layout_basic, amcnicky_altar_gilded, lemuel_round_altar
D:6:      minmay_inner_zag, layout_loops_ring, lemuel_zombie_altar_yredelemnul,
          minmay_temple_entry_waves, chequers_serial_rivers_micro_e,
          kennysheep_nondescript, uniq_grinder, uniq_pikel, uniq_prince_ribbit1
D:7:      layout_basic, kennysheep_generic_room_9
D:8:      layout_loops_ring, okawaru_altar_gauntlet_db, serial_shops, shop,
          kennysheep_generic_room_2
D:9:      minmay_s_stair_smasher, layout_irregular_city, lemuel_crystal_altar,
          gammafunk_ghost_smash, lemuel_flamethrower_2
D:10:     layout_cave_pools, xom_butterflies, nicolae_uskayaw_suspiria,
          grunt_lair_entry_orc_guard_hut, serial_shops, shop_fountains,
          ebering_ghost_funeral_grove, glass_columns_a
Lair:1:   layout_small_grid, portal_ice_cave_demonic_guard
Lair:2:   layout_cave_shapes
Lair:3:   layout_gridlike, minmay_shoals_entry_centaurs,
          spider_nest_entry_funnel_web, lemuel_fruit_fields
Lair:4:   layout_small_grid
Lair:5:   layout_long_grid, minmay_slime_entry_oklob_open, pf_torpor_hydra

Skill      XL: |  1  2  3  4  5  6  7  8  9 10 11 12 13 |
---------------+----------------------------------------+-----
Axes           | 4 5 6 8 9 |  9.0
Fighting       | 4 5 6 7 9 11 13 14 | 14.2
Armour         | 3 5 7 8 9 12 15 | 15.8
Dodging        | 3 4 6 7 8 |  8.2
Stealth        | 1 2 3 |  3.3
Maces & Flails | 1 4 8 10 | 10.7
Polearms       | 2 |  2.3
Throwing       | |  0.7
Evocations     | |  0.7

Action                   |  1- 3 |  4- 6 |  7- 9 | 10-12 | 13-15 || total
-------------------------+-------+-------+-------+-------+-------++-------
Melee: Hand axe          |    77 |   176 |    52 |       |       ||   305
       Headbutt          |     9 |    26 |    54 |   239 |    43 ||   371
       Whip              |       |       |   240 |   756 |    71 ||  1067
       Spear             |       |       |       |       |    51 ||    51
Throw: Dart              |       |       |     2 |       |       ||     2
Invok: Berserk           |     2 |     6 |     8 |    10 |     1 ||    27
       Trog's Hand       |       |     2 |       |     3 |       ||     5
Evoke: Wand              |       |       |     3 |       |       ||     3
  Use: Scroll            |       |     3 |     3 |     2 |     9 ||    17
       Potion            |       |     2 |     5 |     2 |     4 ||    13
Armor: Animal skin       |    20 |     2 |       |       |       ||    22
       Ring mail         |       |    40 |   135 |    56 |       ||   231
       Plate armour      |       |       |       |   303 |    57 ||   360
Dodge: Dodged            |    49 |    69 |   135 |   321 |    67 ||   641

Table legend: (Time is in decaauts)
 A = Elapsed time spent in this place.
 B = Non-inter-level travel time spent in this place.
 C = Inter-level travel time spent in this place.
 D = Time resting spent in this place.
 E = Time spent auto-exploring this place.
 F = Levels seen in this place.
 G = Mean time per level.
                   A        B        C        D        E       F      G
               +--------+--------+--------+--------+--------+-----+--------+
         Total |  19499 |  18994 |    505 |   1747 |  13094 |  16 | 1218.7 |
       Dungeon |  13154 |  12686 |    468 |   1221 |   8776 |  10 | 1315.4 |
          Lair |   4667 |   4630 |     37 |    391 |   3471 |   5 |  933.4 |
         Sewer |   1677 |   1677 |      0 |    134 |    847 |   1 | 1677.0 |
               +--------+--------+--------+--------+--------+-----+--------+

Top non-repeatable levels by time:
     D:9: 2192 daAuts
   Sewer: 1677 daAuts
     D:6: 1655 daAuts
     D:4: 1577 daAuts
  Lair:4: 1530 daAuts
  Lair:3: 1436 daAuts
     D:1: 1375 daAuts
     D:8: 1346 daAuts
    D:10: 1270 daAuts
  Lair:1: 1102 daAuts
     D:5: 987 daAuts
     D:2: 964 daAuts
     D:7: 922 daAuts
     D:3: 862 daAuts
  Lair:2: 583 daAuts
